[Event "*** Titled Tuesday Blitz"]
[Site "Chess.com"]
[Date "2019.02.05"]
[Round "4"]
[White "Lord_Neezy"]
[Black "HrvojeZagreb"]
[Result "1-0"]
[WhiteElo "2179"]
[BlackElo "2116"]
[TimeControl "180+2"]
[EndTime "13:53:34 PST"]
[Termination "Lord_Neezy won by checkmate"]

1. e4 e6 2. d4 d5 3. Nd2 dxe4 4. Nxe4 Nd7 5. Nf3 Ngf6 6. Nxf6+ Nxf6 7. Bd3 c5 8. O-O cxd4 9. Nxd4 Be7 10. c3 O-O 11. Qe2 a6 12. Rd1 Qc7 13. Bg5 h6 14. Bh4 Nd5 15. Bg3 Bd6 16. Qe4 f5 17. Bxd6 Qxd6 18. Qf3 Bd7 19. Bc2 Qb6 20. Bb3 Nf6 21.
Nxf5 Kh7 22. Nd4 e5 23. Qd3+ Kh8 24. Nf5 e4 25. Qd6 Qxd6 26. Nxd6 Bc6 27. Nc4 g6 28. Ne3 Kg7 29. Rd2 Rad8 30. Rad1 Rxd2 31. Rxd2 h5 32.
h3 Rc8 33. Kf1 Rc7 34. Ke1 Rd7 35. Rxd7+ Nxd7 36. Bd5 Kf6 37. Bxc6 bxc6 38. Ke2 Nb6 39. b3 Ke5 40. c4 a5 41. Kd2 Kd4 42. Nc2+ Ke5 43. Ke3 a4 44. Nd4 c5 45. Ne2 axb3 46.
axb3 Nd7 47. Nc3 Nf6 48. Na4 Kd6 49. Nc3 Ke5 50. Na4 Nd7 51. Nc3 Nf6 52. Ne2 g5 53. Ng3 h4 54. Ne2 Nh5 55. g3 hxg3 56. fxg3 Nf6 57. Nc3 Kf5 58. g4+ Ke5 59. Ne2 Nd7 60.
Ng3 Nf6 61. Nf5 Nd7 62. Nh6 Nf6 63. Nf7+ Ke6 64. Nxg5+ Ke7 65. Nxe4 Nd7 66. Kf4 Kf7 67. h4 Kg6 68. g5 Kf7 69. Kf5 Kg7 70. h5 Kh7 71. Ke6 Nf8+ 72. Ke7 Kg8 73. Nf6+ Kg7 74. h6+ Kh8 75. Ne4 Ng6+ 76. Kf6 Kh7 77. Nxc5 Nf4 78. Ne6 Nh5+ 79. Kf5 Kh8 80. Kg4 Ng7 81. Nxg7 Kh7 82.
c5 Kg6 83. c6 Kh7 84. c7 Kg6 85. c8=Q Kh7 86. Qf5+ Kg8 87. Qe6+ Kh7 88. Kh5 Kh8 89. Qc8+ Kh7 90. g6# 1-0

[Event "*** Titled Tuesday Blitz"]
[Site "Chess.com"]
[Date "2019.02.05"]
[Round "4"]
[White "Supernotar"]
[Black "mouseWLZ"]
[Result "0-1"]
[WhiteElo "2482"]
[BlackElo "2470"]
[TimeControl "180+2"]
[EndTime "13:53:41 PST"]
[Termination "mouseWLZ won by checkmate"]

1. d4 Nf6 2. c4 e6 3. Nf3 d5 4. e3 Bb4+ 5. Nbd2 O-O 6. Bd3 c5 7. cxd5 cxd4 8. Nxd4 e5 9. Nc2 Bxd2+ 10. Qxd2 Qxd5 11. O-O Rd8 12. Rd1 Nc6 13. Be2 Bf5 14. Qxd5 Nxd5 15. Ne1 Rac8 16. Bd2 Be6 17. Rac1 f6 18.
a3 Kf7 19. Kf1 g6 20. Rc5 Nb6 21. Bc1 Rxd1 22. Bxd1 Rd8 23. Be2 Bb3 24. Rc3 Be6 25. Rd3 Rc8 26. Rc3 Rd8 27. Rd3 Rc8 28. Rc3 Ke7 29. Bb5 Bd5 30. f3 e4 31. f4 Rd8 32.
Be2 Na4 33. Rc2 Bb3 34. Rd2 Rxd2 35. Bxd2 Nxb2 36. Bb5 Nc4 37. Bc1 Kd6 38. Ke2 a6 39. Bxc4 Bxc4+ 40. Kd2 Bb3 41. Kc3 Ba4 42. g4 f5 43.
gxf5 gxf5 44. Ng2 b5 45. Nh4 Ke6 46. Bb2 a5 47. Ng2 Kd5 48. Nh4 b4+ 49. axb4 axb4+ 50. Kd2 Ke6 51. Bg7 Na5 52. Ng2 Nc4+ 53. Kc1 b3 54. Bd4 Kf7 55. Nh4 Bd7 56. Ng2 Kg6 57. h3 Kf7 58.
Nh4 Ke6 59. Ng2 Bb5 60. Nh4 Na5 61. Kb2 Bf1 62. Bc3 Nc4+ 63. Kxb3 Nxe3 64. Bd2 Nd5 65. Bc1 Bxh3 66. Kc4 Bf1+ 67. Kd4 Nb4 68. Bd2 Nc6+ 69. Ke3 Bd3 70. Ng2 Ne7 71. Ne1 Nd5+ 72. Kd4 Bb1 73.
Ng2 h5 74. Nh4 Ne7 75. Bb4 Nc6+ 76. Kc5 Nxb4 77. Kxb4 e3 78. Kc3 Be4 79. Ng6 h4 80. Nxh4 Kf6 81. Nxf5 Kxf5 82. Kd4 e2 83. Ke3 e1=Q+ 84.
Kd4 Qd2+ 85. Kc5 Qc3+ 86. Kb6 Qc6+ 87. Ka5 Qb7 88. Ka4 Kxf4 89. Ka5 Ke5 90. Ka4 Kd4 91. Ka3 Kc3 92. Ka2 Qb2# 0-1

[Event "*** Titled Tuesday Blitz"]
[Site "Chess.com"]
[Date "2019.02.05"]
[Round "4"]
[White "Lion_DL"]
[Black "JoakimVonAnd"]
[Result "1-0"]
[WhiteElo "2403"]
[BlackElo "2316"]
[TimeControl "180+2"]
[EndTime "13:54:29 PST"]
[Termination "Lion_DL won by checkmate"]

1. e4 c6 2. d4 d5 3. e5 Bf5 4. h4 h5 5. c4 e6 6. Nc3 Ne7 7. Nge2 Nd7 8. Ng3 Bg6 9. Bg5 Qb6 10. Qd2 O-O-O 11. cxd5 cxd5 12. Be2 Kb8 13. O-O Rc8 14. a4 a6 15. a5 Qa7 16. b4 Nc6 17. b5 Nxd4 18.
b6 Nxb6 19. axb6 Qxb6 20. Be3 Nxe2+ 21. Ncxe2 Qb3 22. Nd4 Qb4 23. Qa2 Rc4 24. Nge2 Bc5 25. Nc6+ bxc6 26. Rab1 Bxb1 27. Rxb1 Bxe3 28. Rxb4+ Rxb4 29.
fxe3 Kb7 30. Nd4 c5 31. Nb3 Rc8 32. Qa3 Rb5 33. Kf2 Rc7 34. Kf3 g6 35. g3 c4 36.
Nd4 Rbc5 37. Qb4+ Ka7 38. Qc3 Rb7 39. Kf4 Rcc7 40. Kg5 Rb1 41. Qa5 Rbb7 42. Nb5+ Kb8 43. Nxc7 Rxc7 44. Qb6+ Kc8 45. Qxa6+ Kd8 46. Qa8+ Ke7 47.
Qa3+ Kd7 48. Qc3 Ke7 49. Kf4 Kd7 50. Kf3 Ke7 51. Ke2 Kd7 52. Kd2 Ke7 53. Qb4+ Ke8 54. Qb5+ Ke7 55. Kc3 Rd7 56. Qc5+ Kd8 57. Qb6+ Ke7 58. Kb4 Ke8 59. Kc5 Rd8 60. Qb5+ Ke7 61. Qb7+ Ke8 62. Kd4 Rd7 63. Qc8+ Rd8 64. Qc6+ Ke7 65.
e4 Kf8 66. Qc7 Ke8 67. Qc6+ Kf8 68. exd5 Rxd5+ 69. Ke4 Kg7 70. Qxc4 Kf8 71. Qb4+ Kg7 72. Qe7 Kg8 73. Qf6 Rd1 74. Qe7 Kg7 75. Qa7 Re1+ 76. Kf4 Rf1+ 77. Ke3 Re1+ 78. Kd4 Rd1+ 79. Kc4 Rc1+ 80.
Kd3 Rd1+ 81. Ke2 Rd5 82. Qe3 Kg8 83. Kf3 Kg7 84. Kf4 Rd1 85. Qe2 Rd4+ 86. Ke3 Rd5 87.
Ke4 Ra5 88. Qd1 Rd5 89. Qf3 Rb5 90. Qf6+ Kg8 91. Kf4 Rb7 92. Kg5 Kh7 93. Qd8 f6+ 94. Kxf6 Rg7 95. Qf8 Rg8 96. Qf7+ Rg7 97. Qxg7# 1-0

[Event "*** Titled Tuesday Blitz"]
[Site "Chess.com"]
[Date "2019.02.05"]
[Round "4"]
[White "GadimbayliA"]
[Black "ChessWarrior7197"]
[Result "1-0"]
[WhiteElo "2808"]
[BlackElo "2873"]
[TimeControl "180+2"]
[EndTime "13:55:00 PST"]
[Termination "GadimbayliA won by resignation"]

1. e4 c5 2. Nf3 d6 3. d4 cxd4 4. Nxd4 Nf6 5. Nc3 a6 6. g3 e5 7. Nf3 Be7 8. Bg2 O-O 9. O-O Be6 10. Nh4 g6 11. Nd5 Bxd5 12. exd5 Nbd7 13. c3 Rc8 14. Nf3 Re8 15. Be3 Nb6 16. Bxb6 Qxb6 17. Qb3 Qxb3 18. axb3 Bd8 19. Nd2 Bb6 20. Nc4 Bc5 21.
Na5 Rc7 22. b4 Bb6 23. Nb3 e4 24. Rfe1 e3 25. fxe3 Bxe3+ 26. Kh1 Rce7 27. Bf3 Nd7 28. Kg2 f5 29. Re2 Bb6 30. Rae1 Rxe2+ 31. Rxe2 Rxe2+ 32. Bxe2 Kf7 33. Nd2 Kf6 34. b3 g5 35. g4 fxg4 36.
Bxg4 Ne5 37. Ne4+ Ke7 38. Bc8 g4 39. Bxb7 a5 40. bxa5 Bxa5 41. b4 Bb6 42. Ba6 h5 43. c4 Bd4 44. c5 dxc5 45. bxc5 h4 46. d6+ Ke6 47. Bc8+ Kd5 48. Bb7+ Ke6 49. c6 h3+ 50.
Kg3 Nxc6 51. Bxc6 Be5+ 52. Kxg4 Bxh2 53. d7 Bc7 54. Kxh3 Kf5 55. Nd6+ Ke6 56. Nb7 Ke7 57. Kg4 Bb6 58. Kf5 Bc7 59. Ke4 Bb6 60. Kd5 Bc7 61. Kc4 Ke6 62. Kb5 Ke7 63. Ka6 Ke6 64. Nc5+ Kd6 65.
Kb7 Bd8 66. Ne4+ Ke7 67. Kc8 Ba5 68. Nc5 Bb6 69. Bb5 Kd6 70. Na6 Ba5 71. Nb4 Bb6 72.
Nd3 Ba5 73. Bc4 Bb6 74. d8=Q+ Bxd8 75. Kxd8 Kc6 76. Ke7 Kc7 77. Bd5 Kb6 78. Kd6 Kb5 79. Bb3 Kb6 80. Bc4 Ka5 81. Kc5 Ka4 82. Bd5 Ka3 83. Kd4 Ka4 84. Kc4 Ka3 85. Kc5 Ka4 86. Nb4 Ka3 87. Nd3 Ka4 88. Kc4 Ka3 89. Kc3 Ka4 90. Bc4 Ka3 91. Nc1 Ka4 92. Nb3 Ka3 93. Nd4 Ka4 94. Bb3+ Ka5 95. Kc4 Kb6 96. Ba4 Kc7 97. Kd5 Kb6 98. Bc6 Kc7 99. Kc5 Kc8 100. Ne6 Kb8 101. Kb6 Kc8 102. Bb5 Kb8 103. Bd7 Ka8 104.
Nc7+ Kb8 105. Na6+ 1-0

[Event "*** Titled Tuesday Blitz"]
[Site "Chess.com"]
[Date "2019.02.05"]
[Round "4"]
[White "vugarrasulov"]
[Black "FelixBlohberger"]
[Result "1/2-1/2"]
[WhiteElo "2856"]
[BlackElo "2666"]
[TimeControl "180+2"]
[EndTime "13:56:21 PST"]
[Termination "Game drawn by 50-move rule"]

1. e4 c5 2. Nf3 d6 3. d4 cxd4 4.
Nxd4 Nf6 5. Nc3 a6 6. Be3 e6 7. g4 h6 8. h3 b5 9. Bg2 Bb7 10. a3 Nfd7 11. Qe2 Nc6 12. O-O-O Rc8 13. f4 Nxd4 14.
Bxd4 Qa5 15. Nd5 exd5 16. exd5+ Kd8 17. Rhe1 Kc7 18. Kb1 Kb8 19. h4 Rg8 20. g5 Nb6 21.
Bh3 Rd8 22. Bc3 Qa4 23. Rd4 Nc4 24. Qd3 hxg5 25. fxg5 g6 26. b3 Qxa3 27. bxc4 Bg7 28. Bb2 Qxd3 29. Rxd3 Bxb2 30. Kxb2 bxc4 31. Rd4 Rge8 32.
Rf1 Re3 33. Bg4 c3+ 34. Ka3 Re7 35. Rb1 Ka7 36. Rb3 Rh8 37. Bf3 Rc8 38. Rd3 Rc5 39. Rbxc3 Rec7 40. Rxc5 Rxc5 41. Kb3 Kb8 42. c4 Kc7 43.
Rd4 Kd8 44. h5 gxh5 45. Bxh5 Rc7 46. Rf4 Ke8 47. Rf6 Rd7 48. Kb4 Ba8 49. Ka5 Rc7 50. Kb6 Rxc4 51. Rxf7 Bxd5 52. Ra7+ Kf8 53. g6 Rb4+ 54. Kc7 Kg8 55. Kxd6 Bb3 56. Bf3 Rb6+ 57. Ke5 Rxg6 58. Be4 Re6+ 59. Kd4 Rd6+ 60. Kc5 Rf6 61. Bd3 Bf7 62. Bxa6 Rf5+ 63. Kd6 Rf6+ 64. Ke5 Re6+ 65. Kf5 Rd6 66. Be2 Kf8 67. Bf3 Kg8 68. Be4 Kf8 69. Kg5 Rb6 70. Bf5 Kg8 71. Rc7 Kf8 72. Be4 Kg8 73.
Bc6 Rb2 74. Be4 Rb6 75. Bc6 Rb2 76. Kf6 Rf2+ 77. Ke7 Re2+ 78. Kd6 Re6+ 79. Kc5 Re5+ 80. Kd4 Re1 81. Be4 Ra1 82. Ke5 Ra6 83. Bf5 Rb6 84. Kf4 Ra6 85. Rc1 Rb6 86. Rg1+ Kf8 87. Kg5 Rd6 88. Rc1 Rb6 89. Rc7 Rd6 90. Be4 Rb6 91.
Kf4 Kg8 92. Ke5 Kf8 93. Bc6 Rb1 94. Bf3 Rb5+ 95. Kf6 Rb6+ 96. Kg5 Kg8 97. Bg4 Rb5+ 98. Kf6 Rb6+ 99. Ke7 Rb4 100. Bf5 Rb6 101. Rc3 Rb7+ 102. Bd7 Bg6 103. Kd6 Rb6+ 104. Ke7 Kg7 105. Rg3 Rb7 106. Kd6 Rb6+ 107. Ke5 Kf7 108. Rg1 Kf8 109. Be6 Kg7 110. Rc1 Rb5+ 111. Kd6 Rb6+ 112. Kd7 Rb7+ 113. Kc6 Ra7 114. Bc8 Re7 115. Kd6 Ra7 116. Rg1 Kf6 117. Rf1+ Kg7 118. Rf4 Ra3 119. Be6 Ra6+ 120. Ke5 Ra5+ 121. Bd5 Ra1 122. Rb4 Re1+ 123. Kd6 Ra1 124. Rb7+ Kf6 1/2-1/2

[Event "*** Titled Tuesday Blitz"]
[Site "Chess.com"]
[Date "2019.02.05"]
[Round "4"]
[White "goodluck06"]
[Black "Kostya_Nikologorskiy"]
[Result "1-0"]
[WhiteElo "2466"]
[BlackElo "2420"]
[TimeControl "180+2"]
[EndTime "13:56:29 PST"]
[Termination "goodluck06 won by resignation"]

1. Nf3 d5 2. g3 Nf6 3. Bg2 c6 4. O-O g6 5. d3 Bg7 6. Nbd2 O-O 7. e4 Bg4 8. h3 Bd7 9. e5 Ne8 10. d4 Nc7 11. Re1 c5 12. Nb3 c4 13. Nbd2 Nc6 14. c3 b5 15. a4 b4 16. Nh2 Qc8 17. g4 f6 18. exf6 Bxf6 19. Ndf1 Na5 20. Bh6 Re8 21.
Nf3 Nb3 22. Ra2 a5 23. Ne5 Ra6 24. Ne3 Bxe5 25. dxe5 e6 26. g5 Re7 27. Ng4 Bc6 28. Nf6+ Kh8 29. Qg4 Qa8 30. h4 d4 31. Bxc6 Qxc6 32. h5 Nd5 33. hxg6 hxg6 34. Bf8 Nxf6 35. gxf6 Rh7 36. f3 Qe8 37. Bg7+ Rxg7 38. fxg7+ Kxg7 39. cxd4 Ra7 40. Re2 Rd7 41. Qg5 Qe7 42. Qxe7+ Rxe7 43. Rc2 Rc7 44. Kf2 Nxd4 45. Rd2 Nb3 46. Rd6 Kf7 47. Ke3 g5 48. Kf2 Rc5 49. Kg3 Rxe5 50. Rc6 Nd2 51.
Ra1 Re3 52. Kg2 Rxf3 53. Rxc4 Nxc4 54. Kxf3 Nxb2 55. Ke4 Nc4 56. Kd4 Nd2 57. Kd3 Nb3 58.
Rg1 Nc5+ 59. Kc4 Nxa4 60. Rxg5 Nb6+ 61. Kb5 Nd5 62. Kxa5 Kf6 63. Rg2 Ke5 64. Ka4 Kd4 65. Kb3 e5 66. Rd2+ Kc5 67. Re2 Kd6 68. Kc4 Ke6 69.
Rd2 Ne3+ 70. Kxb4 Kf5 71. Kc3 Ke4 72. Re2 Kf3 73. Ra2 e4 74. Kd4 Nf1 75. Ra1 Nd2 76.
Ra3+ Kf2 77. Rh3 Ke2 78. Rh2+ Kd1 79. Rh1+ Ke2 80. Rh2+ Kd1 81. Kc3 Nf3 82. Rf2 Ke1 83. Ra2 Ng5 84. Kd4 Kf1 85. Ke3 Kg1 86. Kf4 Nf3 87. Kg3 Kf1 88. Kf4 Ng1 89. Kxe4 Ne2 90. Ke3 Nc3 91. Rf2+ Ke1 92. Rc2 Nd5+ 93. Kd4 Nb4 94.
Rh2 Kf1 95. Ke3 Nd5+ 96. Kf3 Ke1 97. Ra2 Kd1 98. Rh2 Kc1 99. Ke4 Nf6+ 100. Kd3 Nd5 101. Kc4 Ne3+ 102. Kc3 Nd5+ 103. Kd4 Nf4 104. Ke3 Nd5+ 105. Kd3 Nf4+ 106. Ke4 Ne6 107. Ke5 Nc5 108. Kd4 Ne6+ 109. Kc3 Kd1 110. Rh5 Nf4 111. Rf5 Ne6 112. Rd5+ Kc1 113. Re5 1-0

[Event "*** Titled Tuesday Blitz"]
[Site "Chess.com"]
[Date "2019.02.05"]
[Round "4"]
[White "Orest_Vovk"]
[Black "evgenysharapov"]
[Result "1/2-1/2"]
[WhiteElo "2238"]
[BlackElo "2318"]
[TimeControl "180+2"]
[EndTime "13:56:49 PST"]
[Termination "Game drawn by repetition"]

1. g4 d5 2. h3 c6 3. Bg2 e5 4.
d4 e4 5. c4 Be6 6. Nc3 Nf6 7. Qb3 Qb6 8. c5 Qxb3 9. axb3 Na6 10. Ra4 Kd7 11. Bf4 Nc7 12. e3 a6 13. f3 exf3 14. Nxf3 Be7 15. Ne5+ Kc8 16. Kd2 Nd7 17. Ra5 Nxe5 18. Bxe5 f6 19. Bf4 Bd8 20. Raa1 Kd7 21. e4 dxe4 22. Bxe4 Nd5 23. Nxd5 Bxd5 24. Bxd5 cxd5 25. b4 Bc7 26. Bxc7 Kxc7 27. Rhe1 Rae8 28. Kc3 Kd7 29. Kd3 Rxe1 30. Rxe1 Re8 31. Ra1 Kc6 32. Ra5 Re1 33. b5+ axb5 34. Ra8 Rh1 35. Rc8+ Kd7 36.
Rg8 Rxh3+ 37. Kc2 g6 38. Rg7+ Kc6 39. Rf7 Rf3 40. Rxh7 Rf4 41. Rf7 b4 42. Kd3 g5 43.
Re7 Rxg4 44. Re6+ Kc7 45. Rxf6 Rg3+ 46. Kc2 b3+ 47. Kd2 g4 48. Rd6 Rg1 49. Kc3 g3 50. Kxb3 g2 51. Rg6 Kd7 52. Kb4 Ke7 53. Kb5 Kf7 54. Rg3 Kf6 55. Kb6 Kf5 56. Kxb7 Kf4 57.
Rg8 Kf3 58. c6 Rb1 59. c7 Rxb2+ 60. Kc6 Rc2+ 61. Kd7 Ke4 62. Rxg2 Rxg2 63. c8=Q Rd2 64. Kd6 Rxd4 65. Qg4+ Kd3 66. Qf3+ Kc4 67. Qe2+ Kc3 68.
Kc5 Rd3 69. Qe1+ Kc2 70. Qe2+ Rd2 71. Qb5 Kc3 72. Qb4+ Kc2 73. Qa4+ Kc3 74. Qa3+ Kc2 75. Kb4 Rd4+ 76. Kc5 Rd3 77. Qa2+ Kc3 78. Qa1+ Kc2 79.
Kb4 Rb3+ 80. Kc5 Rd3 81. Qa2+ Kc3 82. Qe2 Rd2 83. Qe3+ Kc2 84. Kb4 d4 85. Qb3+ Kc1 86.
Qa3+ Kd1 87. Kc4 Kc2 88. Qa1 Rd1 89. Qa2+ Kc1 90. Qf2 Rd2 91. Qf4 Kc2 92. Qe4+ Kb2 93. Qe1 Kc2 94. Qa1 Rd1 95. Qa4+ Kc1 96. Qb3 Rd2 97.
Qa3+ Kc2 98. Qa1 Rd1 99. Qa5 Rd2 100. Kb4 Kc1 101. Qa1+ Kc2 102. Kc4 Rd1 103. Qa4+ Kc1 104. Qb3 Rd2 105. Kd5 Rd1 106. Ke4 Rd2 107. Kf3 Rc2 108. Ke4 Rd2 109. Kd5 Rd1 110. Kc4 Rd2 111. Qa4 Rd1 112. Qa5 Rd2 113. Qa6 Rd1 114. Kb3 Kd2 115. Qa2+ Ke3 116. Kc4 Rd2 117. Qa3+ Ke2 118. Qg3 Kd1 119. Qf3+ Kc2 120. Qb3+ Kc1 1/2-1/2

[Event "*** Titled Tuesday Blitz"]
[Site "Chess.com"]
[Date "2019.02.05"]
[Round "4"]
[White "tigra"]
[Black "Sashadav97"]
[Result "1/2-1/2"]
[WhiteElo "2747"]
[BlackElo "2633"]
[TimeControl "180+2"]
[EndTime "13:57:44 PST"]
[Termination "Game drawn by repetition"]

1. c4 e6 2. e4 d5 3. exd5 exd5 4.
d4 Nf6 5. Nc3 Bb4 6. Nf3 O-O 7.
Bd3 dxc4 8. Bxc4 Bg4 9. O-O Nc6 10. Be3 h6 11. h3 Bh5 12. a3 Bd6 13. Rc1 a6 14. Re1 Qd7 15. d5 Bxf3 16. Qxf3 Ne5 17.
Qe2 Nxc4 18. Qxc4 Rfe8 19. Bd4 Rxe1+ 20. Rxe1 Re8 21. Rxe8+ Qxe8 22. Kf1 Be5 23. g3 Bxd4 24. Qxd4 Qe7 25. Qa7 Qd7 26. Qxb7 Qxh3+ 27. Ke1 Qh1+ 28. Ke2 Qh5+ 29. Ke1 Qh1+ 30. Kd2 Qf3 31. Qa7 Ng4 32. Qa8+ Kh7 33. Qxa6 Nxf2 34. a4 f5 35. Qe2 Qxg3 36. a5 Ng4 37. a6 Qf4+ 38. Kc2 Qd4 39. Kb1 Ne3 40. Kc1 f4 41. Nb5 Qc5+ 42. Kb1 Nxd5 43. Qe4+ Kh8 44. a7 Nb6 45. Nc3 Qe3 46. a8=R+ Nxa8 47. Qxa8+ Kh7 48. Qd5 f3 49. Qf5+ Kg8 50.
Ne4 Qd3+ 51. Ka2 Qc4+ 52. Ka3 Qd3+ 53. b3 Qe3 54. Qe6+ Kf8 55. Qc8+ Kf7 56. Qf5+ Kg8 57. Kb4 c6 58. Kc4 c5 59. Qe6+ Kf8 60. Kb5 Qd3+ 61. Kb6 Qe3 62. Qf5+ Kg8 63. Qe6+ Kf8 64. Kb7 f2 65. Qf5+ Kg8 66. Nxf2 Qxb3+ 67. Kc6 Qf7 68.
Qc2 c4 69. Ne4 Qe6+ 70. Nd6 h5 71. Qc3 h4 72. Kc5 h3 73. Qg3 c3 74. Qxc3 h2 75. Qf3 Qf6 76. Qd5+ Kh7 77. Qg2 Qe5+ 78. Kc6 Qf4 79. Qh3+ Kg6 80. Qg2+ Kh6 81. Kd7 g5 82. Ke6 g4 83. Nf7+ Kg6 84. Ne5+ Kg5 85. Nf7+ Kh4 86. Ne5 Kg5 87. Qd5 Qf5+ 88. Kd6 Qf6+ 89. Kd7 Qf5+ 90.
Kd6 h1=Q 91. Qxh1 Qf6+ 92. Kd5 Qf5 93. Qg2 Qf4 94. Kd6 Qf6+ 95. Kd5 Qf4 96. Qc2 g3 97. Qg6+ Kh4 98. Qh7+ Kg5 99. Qg7+ Kh5 100. Qg6+ Kh4 101. Qh7+ Kg5 102. Qh3 Qd2+ 103. Ke6 Qa2+ 104. Ke7 Qa3+ 105. Ke8 Qa4+ 106. Ke7 Qb4+ 107. Ke6 Qb3+ 108. Kd6 Qb4+ 109. Kd5 Qb3+ 110. Kd4 Qb2+ 111. Ke4 Qe2+ 112. Kd5 Qa2+ 113. Nc4 Qf2 114. Nd6 Qd2+ 115. Ke6 Qe2+ 116. Kd5 Qd3+ 117. Ke5 Qc3+ 118. Ke6 Qe3+ 119. Kd7 Qd3 120. Qg2 Kf4 121. Qg1 Kf3 122. Qh1+ Kf2 123. Qh4 Qf3 124. Ke6 Ke3 125. Nf5+ Kf2 126. Kf6 Kf1 127. Qh3+ Kf2 128. Qh4 Kf1 129. Qc4+ Kf2 130. Qc5+ Kf1 131. Qc1+ Kf2 132. Kg5 g2 133. Qd2+ Kf1 134. Qc1+ Kf2 135. Nh4 Qg3+ 136. Kh5 g1=Q 137. Qd2+ Kf1 138. Qd1+ Kf2 139. Qd2+ Kf1 140. Qd1+ Kf2 141. Qd2+ Kf1 142. Qd1+ 1/2-1/2

[Event "*** Titled Tuesday Blitz"]
[Site "Chess.com"]
[Date "2019.02.05"]
[Round "5"]
[White "Peng_Li-Min"]
[Black "Supernotar"]
[Result "1/2-1/2"]
[WhiteElo "2672"]
[BlackElo "2486"]
[TimeControl "180+2"]
[EndTime "14:00:48 PST"]
[Termination "Game drawn by agreement"]

1. e4 c6 2. d4 d5 3. Nc3 dxe4 4.
Nxe4 Bf5 5. Ng3 Bg6 6. h4 h6 7.
Nh3 e6 8. Nf4 Bh7 9. Nfh5 Nf6 10. c3 Nbd7 11. Bc4 Nxh5 12. Nxh5 Nf6 13. Bf4 Nxh5 14. Qxh5 Bg6 15. Qg4 Bf5 16. Qg3 Qd7 17. O-O-O O-O-O 18. Bd3 Bxd3 19. Rxd3 Qd5 20. Kb1 g6 21. Qf3 Bg7 22. Re1 Qxf3 23. Rxf3 Rd7 24. Be5 Bxe5 25. Rxe5 h5 26. Re4 Kd8 27. Kc2 Ke7 28. Re5 1/2-1/2

[Event "*** Titled Tuesday Blitz"]
[Site "Chess.com"]
[Date "2019.02.05"]
[Round "5"]
[White "Koksik_13"]
[Black "jefferyx"]
[Result "1-0"]
[WhiteElo "2693"]
[BlackElo "2853"]
[TimeControl "180+2"]
[EndTime "14:00:55 PST"]
[Termination "Koksik_13 won by resignation"]

1. e4 c5 2. c3 Nf6 3. e5 Nd5 4. d4 d6 5. exd6 Qxd6 6. Nf3 g6 7. Be2 Bg7 8. O-O O-O 9. Na3 cxd4 10. Nxd4 Rd8 11. Bf3 a6 12. Qe2 e5 13. Nb3 f5 14. Bg5 Bf6 15. Bxd5+ 1-0

[Event "*** Titled Tuesday Blitz"]
[Site "Chess.com"]
[Date "2019.02.05"]
[Round "5"]
[White "scaryninja"]
[Black "ezkybel"]
[Result "1/2-1/2"]
[WhiteElo "2423"]
[BlackElo "2265"]
[TimeControl "180+2"]
[EndTime "14:01:21 PST"]
[Termination "Game drawn by repetition"]

1. e4 e6 2. d4 d5 3. Nc3 dxe4 4.
Nxe4 Bd7 5. Nf3 Bc6 6. Bd3 Nd7 7. c3 Ngf6 8. Nxf6+ Nxf6 9. O-O Bxf3 10. Qxf3 c6 11. Bg5 Be7 12. Rad1 Qd5 13. Qxd5 Nxd5 14. Bc1 O-O 15. Rfe1 a5 16. f4 g6 17. g3 a4 18. Bd2 a3 19. b3 Nf6 20. Kg2 Rfd8 21. Be3 Nd5 22. Bd2 Nf6 23. Be3 Nd5 24. Bd2 Nf6 25. Be3 1/2-1/2

[Event "*** Titled Tuesday Blitz"]
[Site "Chess.com"]
[Date "2019.02.05"]
[Round "5"]
[White "idvidal"]
[Black "cool4chess"]
[Result "1/2-1/2"]
[WhiteElo "2482"]
[BlackElo "2314"]
[TimeControl "180+2"]
[EndTime "14:01:52 PST"]
[Termination "Game drawn by repetition"]

1. c4 e5 2. Nc3 Nf6 3. g3 Nc6 4.
Bg2 Bc5 5. e3 d5 6. Nxd5 Nxd5 7.
cxd5 Nb4 8. d4 exd4 9. exd4 Be7 10. Ne2 Bf5 11. O-O Nc2 12. Rb1 Nb4 13. Ra1 Nc2 14.
Rb1 Nb4 15. Ra1 1/2-1/2

[Event "*** Titled Tuesday Blitz"]
[Site "Chess.com"]
[Date "2019.02.05"]
[Round "5"]
[White "ajkom197"]
[Black "MissingLife"]
[Result "1-0"]
[WhiteElo "2436"]
[BlackElo "2440"]
[TimeControl "180+2"]
[EndTime "14:02:10 PST"]
[Termination "ajkom197 won by resignation"]

1. c4 Nf6 2. g3 c5 3. Bg2 d5 4.
cxd5 Nxd5 5. Nc3 Nc7 6. Qb3 Nc6 7. Bxc6+ bxc6 8. Qa4 Qd7 9. Nf3 f6 10. d3 e5 11. Be3 Ne6 12. Ne4 Rb8 13. Rc1 Rb4 14. Qc2 Rb5 15. a4 Rb4 16. Nxc5 Bxc5 17. Bxc5 Nxc5 18.
Qxc5 Rxb2 19. Nxe5 Qe6 20. Qxc6+ Qxc6 21. Nxc6 Bb7 22.
O-O Rxe2 23. Nxa7 Kd7 24. Nb5 Ba6 25. Rc7+ Kd8 26. Rfc1 Rhe8 27. Ra7 Bxb5 28. axb5 Re1+ 29. Rxe1 Rxe1+ 30. Kg2 Rb1 31. Rxg7 h5 32. Rf7 Rxb5 33. Rxf6 Rd5 34. Rh6 1-0

[Event "*** Titled Tuesday Blitz"]
[Site "Chess.com"]
[Date "2019.02.05"]
[Round "5"]
[White "Godzillator"]
[Black "Orlovachess"]
[Result "1-0"]
[WhiteElo "2383"]
[BlackElo "1407"]
[TimeControl "180+2"]
[EndTime "14:02:49 PST"]
[Termination "Godzillator won on time"]

1. d4 c5 2. d5 e5 3. c4 d6 4. e4 Be7 5. g3 Bg5 6. Nd2 Ne7 7. Bd3 O-O 8. Ne2 f5 9. exf5 Nxf5 10. Qc2 Na6 11.
a3 Nc7 12. h4 Bxd2+ 13. Bxd2 h6 14. O-O-O Rb8 15. f4 exf4 16. Nxf4 b5 17. g4 bxc4 18. Bxf5 1-0

[Event "*** Titled Tuesday Blitz"]
[Site "Chess.com"]
[Date "2019.02.05"]
[Round "5"]
[White "JoachimMouhamad"]
[Black "Vuks91"]
[Result "0-1"]
[WhiteElo "2291"]
[BlackElo "2427"]
[TimeControl "180+2"]
[EndTime "14:02:59 PST"]
[Termination "Vuks91 won by resignation"]

1. e4 c5 2. Nf3 Nc6 3. d4 cxd4 4.
Nxd4 g6 5. c4 Bg7 6. Be3 Nf6 7.
Nc3 O-O 8. Nc2 d6 9. Be2 Be6 10. f3 Nd7 11. O-O Nb6 12. Na3 Na5 13. Bxb6 Qxb6+ 0-1

[Event "*** Titled Tuesday Blitz"]
[Site "Chess.com"]
[Date "2019.02.05"]
[Round "5"]
[White "VFernandezB"]
[Black "BasilSmash"]
[Result "0-1"]
[WhiteElo "2227"]
[BlackElo "2352"]
[TimeControl "180+2"]
[EndTime "14:03:12 PST"]
[Termination "BasilSmash won by checkmate"]

1. e4 c6 2. d4 d5 3. exd5 cxd5 4.
c4 Nf6 5. Nc3 Nc6 6. Bg5 e6 7. Nf3 Be7 8. c5 O-O 9. Bd3 b6 10. Bb5 Bd7 11. Bxc6 Bxc6 12. Ne5 Be8 13. b4 a5 14. a3 h6 15. Be3 Ne4 16. Nxe4 dxe4 17. O-O Bb5 18. Re1 Qd5 19. a4 Bc4 20. Qg4 f5 21. Ng6 Bf6 22. Qh5 Rfd8 23. bxa5 bxc5 24.
Rad1 Bb3 25. Rd2 c4 26. Bxh6 gxh6 27. Qxh6 c3 28. Nf4 cxd2 29. Rf1 Qxd4 30. Qg6+ Bg7 31. Nh5 d1=Q 32. h4 Qxf1+ 33. Kxf1 Qd1# 0-1

[Event "*** Titled Tuesday Blitz"]
[Site "Chess.com"]
[Date "2019.02.05"]
[Round "5"]
[White "LyonBeast"]
[Black "rasmussvane"]
[Result "0-1"]
[WhiteElo "2900"]
[BlackElo "2771"]
[TimeControl "180+2"]
[EndTime "14:03:16 PST"]
[Termination "rasmussvane won by resignation"]

1. f4 d5 2. Nf3 Nf6 3. g3 g6 4.
Bg2 Bg7 5. O-O O-O 6. d3 c5 7. Nc3 d4 8. Ne4 Nxe4 9. dxe4 Qb6 10. Kh1 Rd8 11. h3 c4 12. g4 Nc6 13. Qe1 Nb4 14. Qh4 Nxc2 15. f5 Nxa1 16. Bg5 f6 17. fxg6 hxg6 18. e5 Nc2 19. Rc1 d3 20. exd3 cxd3 21. Bd2 Be6 22. Rf1 Ne3 23. exf6 Nxg2 24. f7+ Bxf7 25. Kxg2 Bd5 0-1

[Event "*** Titled Tuesday Blitz"]
[Site "Chess.com"]
[Date "2019.02.05"]
[Round "5"]
[White "Fenil1995"]
[Black "wanyaland"]
[Result "1-0"]
[WhiteElo "2224"]
[BlackElo "2093"]
[TimeControl "180+2"]
[EndTime "14:03:22 PST"]
[Termination "Fenil1995 won by checkmate"]

1. e4 c5 2. Nf3 e6 3. c3 Nf6 4. e5 Nd5 5. d4 cxd4 6. cxd4 d6 7. a3 Nc6 8. Bd3 Be7 9. O-O O-O 10. Qc2 g6 11.
Bh6 Re8 12. Nbd2 Bd7 13. b4 Rc8 14. Qb2 dxe5 15. dxe5 Qc7 16. Ne4 Rcd8 17. Rac1 Qb8 18. Bc4 Nb6 19. Nd6 Bxd6 20. exd6 e5 21. Bxf7+ Kxf7 22. Ng5+ Kf6 23. Nxh7+ Kf7 24. Ng5+ Kf6 25. f4 Bf5 26. Qb3 Rd7 27. fxe5+ Nxe5 28. Ne4# 1-0

[Event "*** Titled Tuesday Blitz"]
[Site "Chess.com"]
[Date "2019.02.05"]
[Round "5"]
[White "Feegus"]
[Black "nocnypako"]
[Result "1-0"]
[WhiteElo "2384"]
[BlackElo "2310"]
[TimeControl "180+2"]
[EndTime "14:03:33 PST"]
[Termination "Feegus won on time"]

1. d4 Nf6 2. Bf4 d5 3. e3 e6 4.
Nf3 Bd6 5. Ne5 c5 6. c3 O-O 7.
Nd2 Nc6 8. Bd3 Qc7 9. Ndf3 Ne4 10. O-O f6 11. Nxc6 Bxf4 12. exf4 Qxc6 13. Re1 Nd6 14. dxc5 Qxc5 15. Nd4 Ne4 16. Bxe4 dxe4 17. Rxe4 Qd5 18.
Qe2 Bd7 19. Rd1 Rad8 20. Nxe6 Bb5 21. Nxd8 Bxe2 22. Rxd5 1-0

[Event "*** Titled Tuesday Blitz"]
[Site "Chess.com"]
[Date "2019.02.05"]
[Round "5"]
[White "Parhamov"]
[Black "leoo2001"]
[Result "1/2-1/2"]
[WhiteElo "2969"]
[BlackElo "2777"]
[TimeControl "180+2"]
[EndTime "14:03:36 PST"]
[Termination "Game drawn by agreement"]

1. Nf3 d5 2. g3 Nf6 3. Bg2 c5 4. O-O e6 5. c4 d4 6. e3 Nc6 7.
exd4 cxd4 8. d3 Be7 9. Re1 O-O 10.
b3 Bb4 11. Bd2 Bd6 12. a3 a5 13. Bg5 h6 14. Bxf6 Qxf6 15. Nbd2 Qe7 16. Qc1 f5 17. Qb2 Qf6 18. Rac1 Bc5 19. Re2 Bd7 20. Rce1 Bd6 21. Rc1 Bc5 22. Ne1 e5 23. Rb1 b6 24.
b4 axb4 25. axb4 Nxb4 26. Bxa8 Rxa8 27. Nb3 Ra2 28. Qxa2 Nxa2 29. Rxa2 Bf8 30. Ra7 Qc6 1/2-1/2